| TOP OF THE 1ST |
|
Amarillo ThunderHeads batting - Pitching for Tijuana Toros : RHP Guy Jerome
|
|
Pitching: RHP Guy Jerome
|
|
|
Batting: LHB Eddie Reyes
|
0-0: Ball 1-0: Called Strike 1-1: Foul Ball, location: 2F 1-2: Ball 2-2: Fly out, F9 (Line Drive, 9D, EV 89.4 MPH)
|
|
Batting: RHB Ron Squires
|
0-0: Reached on error, E8 (Flyball, 8RD, EV 106.2 MPH)
|
|
Batting: RHB Jerry Foster
|
0-0: Ball 1-0: Ball 2-0: Called Strike 2-1: Foul Ball, location: 2F 2-2: Ball 3-2: Ground out 5-3 (Groundball, 56S, EV 81.9 MPH)
|
|
Batting: SHB Zack Barton
|
0-0: Called Strike 0-1: Ball 1-1: Called Strike 1-2: Ball 2-2: Foul Ball, location: 2F 2-2: TRIPLE (Line Drive, 7LD, EV 104.4 MPH) Ron Squires scores
|
|
Batting: LHB Santino Pisanello
|
0-0: Called Strike 0-1: SINGLE (Groundball, 4D, EV 106.9 MPH) Zack Barton scores
|
|
Batting: RHB Sam Voss
|
0-0: Ball 1-0: Ball Santino Pisanello is caught stealing 2nd base 2-4
|
| Top of the 1st over - 2 runs, 2 hits, 1 error, 0 left on base; Amarillo 2 - Tijuana 0 |
| BOTTOM OF THE 1ST |
|
Tijuana Toros batting - Pitching for Amarillo ThunderHeads : RHP John Carbonneau
|
|
Pitching: RHP John Carbonneau
|
|
|
Batting: SHB Javy Franco
|
0-0: Ball 1-0: SINGLE (Groundball, 13S, EV 65.6 MPH) (infield hit)
|
|
Batting: LHB Fernão Manta
|
0-0: Ball 1-0: Ball 2-0: Foul Ball, location: 2F 2-1: Ball 3-1: Foul Ball, location: 2F 3-2: Strikes out swinging
|
|
Batting: LHB Chris Buchan
|
0-0: Foul Ball, location: 2F 0-1: Ball 1-1: Called Strike Javy Franco steals 2nd base 1-2: Strikes out swinging
|
|
Batting: RHB Bob Magana
|
0-0: Called Strike 0-1: Foul Ball, location: 2F 0-2: Ball 1-2: Ball 2-2: Ground out 6-3 (Groundball, 6, EV 104.4 MPH)
|
| Bottom of the 1st over - 0 runs, 1 hit, 0 errors, 1 left on base; Amarillo 2 - Tijuana 0 |
| TOP OF THE 2ND |
|
Amarillo ThunderHeads batting - Pitching for Tijuana Toros : RHP Guy Jerome
|
|
Batting: RHB Sam Voss
|
0-0: Ball 1-0: Ball 2-0: Ball 3-0: Base on Balls
|
|
Batting: RHB Josh Shoemaker
|
0-0: Called Strike 0-1: Ball 1-1: Called Strike 1-2: Ball 2-2: Foul Ball, location: 2F 2-2: Foul Ball, location: 2F 2-2: Strikes out swinging
|
|
Batting: SHB Tyler Romo
|
0-0: Ball 1-0: Ball 2-0: Reached on error, E1 (Groundball, P, EV 69.4 MPH) Sam Voss to second
|
|
Batting: RHB John Carbonneau
|
0-0: Grounds into double play, 4-6-3 (Groundball, 34, EV 88.1 MPH)
|
| Top of the 2nd over - 0 runs, 0 hits, 1 error, 1 left on base; Amarillo 2 - Tijuana 0 |
| BOTTOM OF THE 2ND |
|
Tijuana Toros batting - Pitching for Amarillo ThunderHeads : RHP John Carbonneau
|
|
Batting: LHB Jim Jardine
|
0-0: Ground out 6-3 (Groundball, 6, EV 82.5 MPH)
|
|
Batting: RHB Makoto Narita
|
0-0: Called Strike 0-1: Foul Ball, location: 2F 0-2: Strikes out looking
|
|
Batting: LHB Pedro Garza
|
0-0: Called Strike 0-1: Called Strike 0-2: Hit by Pitch
|
|
Batting: SHB Alex Noval
|
0-0: Called Strike 0-1: Fly out, F6 (Popup, 6, EV 58.8 MPH)
|
| Bottom of the 2nd over - 0 runs, 0 hits, 0 errors, 1 left on base; Amarillo 2 - Tijuana 0 |
| TOP OF THE 3RD |
|
Amarillo ThunderHeads batting - Pitching for Tijuana Toros : RHP Guy Jerome
|
|
Batting: LHB Eddie Reyes
|
0-0: Ball 1-0: Called Strike 1-1: Foul Ball, location: 2F 1-2: Ball 2-2: Strikes out swinging
|
|
Batting: RHB Ron Squires
|
0-0: Called Strike 0-1: Ball 1-1: Ball 2-1: SINGLE (Groundball, 34, EV 95.6 MPH)
|
|
Batting: RHB Jerry Foster
|
0-0: Foul Ball, location: 2F 0-1: Foul Ball, location: 2F 0-2: Ball 1-2: Ball 2-2: Ball Ron Squires is caught stealing 2nd base 2-4 3-2: Foul Ball, location: 2F 3-2: Fly out, F3 (Line Drive, 34, EV 69.4 MPH)
|
| Top of the 3rd over - 0 runs, 1 hit, 0 errors, 0 left on base; Amarillo 2 - Tijuana 0 |
| BOTTOM OF THE 3RD |
|
Tijuana Toros batting - Pitching for Amarillo ThunderHeads : RHP John Carbonneau
|
|
Batting: RHB Yok-sing Zhào
|
0-0: Called Strike 0-1: Ball 1-1: Swinging Strike 1-2: Strikes out looking
|
|
Batting: SHB Javy Franco
|
0-0: Ball 1-0: Ball 2-0: Ground out U3 (Groundball, 3, EV 106.2 MPH)
|
|
Batting: LHB Fernão Manta
|
0-0: Called Strike 0-1: Ball 1-1: Foul Ball, location: 2F 1-2: Ball 2-2: Ball 3-2: DOUBLE (Flyball, 78D, EV 88.1 MPH)
|
|
Batting: LHB Chris Buchan
|
0-0: Foul Ball, location: 2F 0-1: Fly out, F8 (Flyball, 78D, EV 94.4 MPH)
|
| Bottom of the 3rd over - 0 runs, 1 hit, 0 errors, 1 left on base; Amarillo 2 - Tijuana 0 |
| TOP OF THE 4TH |
|
Amarillo ThunderHeads batting - Pitching for Tijuana Toros : RHP Guy Jerome
|
|
Batting: SHB Zack Barton
|
0-0: Ball 1-0: Foul Ball, location: 2F 1-1: Ball 2-1: Foul Ball, location: 2F 2-2: Fly out, F8 (Flyball, 8RM, EV 81.2 MPH)
|
|
Batting: LHB Santino Pisanello
|
0-0: SINGLE (Groundball, 5D, EV 94.4 MPH)
|
|
Batting: RHB Sam Voss
|
0-0: Called Strike Santino Pisanello steals 2nd base 0-1: Ball 1-1: Ball 2-1: Foul Ball, location: 2F 2-2: Foul Ball, location: 2F 2-2: Foul Ball, location: 2F 2-2: Foul Ball, location: 2F 2-2: Ball 3-2: Base on Balls
|
|
Batting: RHB Josh Shoemaker
|
0-0: Called Strike 0-1: Fly out, F7 (Flyball, 7S, EV 91.9 MPH)
|
|
Batting: SHB Tyler Romo
|
0-0: Called Strike 0-1: Ground out U3 (Groundball, 3, EV 84.4 MPH)
|
| Top of the 4th over - 0 runs, 1 hit, 0 errors, 2 left on base; Amarillo 2 - Tijuana 0 |
| BOTTOM OF THE 4TH |
|
Tijuana Toros batting - Pitching for Amarillo ThunderHeads : RHP John Carbonneau
|
|
Batting: RHB Bob Magana
|
0-0: Foul Ball, location: 2F 0-1: Ball 1-1: Swinging Strike 1-2: Ball 2-2: Strikes out swinging
|
|
Batting: LHB Jim Jardine
|
0-0: Called Strike 0-1: Ball 1-1: Foul Ball, location: 2F 1-2: Ball 2-2: Ball 3-2: Fly out, F8 (Line Drive, 8RD, EV 93.1 MPH)
|
|
Batting: RHB Makoto Narita
|
0-0: Called Strike 0-1: Swinging Strike 0-2: Ball 1-2: Ball 2-2: Ball 3-2: Ground out 4-3 (Groundball, 4, EV 80.6 MPH)
|
| Bottom of the 4th over - 0 runs, 0 hits, 0 errors, 0 left on base; Amarillo 2 - Tijuana 0 |
| TOP OF THE 5TH |
|
Amarillo ThunderHeads batting - Pitching for Tijuana Toros : RHP Guy Jerome
|
|
Batting: RHB John Carbonneau
|
0-0: Ball 1-0: Ball 2-0: Ground out 6-3 (Groundball, 6, EV 107.5 MPH)
|
|
Batting: LHB Eddie Reyes
|
0-0: Ball 1-0: Foul Ball, location: 2F 1-1: Ball 2-1: Foul Ball, location: 2F 2-2: Ball 3-2: Strikes out looking
|
|
Batting: RHB Ron Squires
|
0-0: Fly out, F8 (Line Drive, 8RD, EV 93.8 MPH)
|
| Top of the 5th over - 0 runs, 0 hits, 0 errors, 0 left on base; Amarillo 2 - Tijuana 0 |
| BOTTOM OF THE 5TH |
|
Tijuana Toros batting - Pitching for Amarillo ThunderHeads : RHP John Carbonneau
|
|
Batting: LHB Pedro Garza
|
0-0: Ball 1-0: Fly out, F9 (Line Drive, 9D, EV 105.0 MPH)
|
|
Batting: SHB Alex Noval
|
0-0: Ball 1-0: Swinging Strike 1-1: Ball 2-1: Swinging Strike 2-2: Strikes out swinging
|
|
Batting: RHB Yok-sing Zhào
|
0-0: Swinging Strike 0-1: Called Strike 0-2: Ball 1-2: Strikes out swinging
|
| Bottom of the 5th over - 0 runs, 0 hits, 0 errors, 0 left on base; Amarillo 2 - Tijuana 0 |
| TOP OF THE 6TH |
|
Amarillo ThunderHeads batting - Pitching for Tijuana Toros : RHP Guy Jerome
|
|
Batting: RHB Jerry Foster
|
0-0: Foul Ball, location: 2F 0-1: Called Strike 0-2: Ball 1-2: Fly out, F9 (Flyball, 9D, EV 103.8 MPH)
|
|
Batting: SHB Zack Barton
|
0-0: SINGLE (Groundball, 4MD, EV 96.9 MPH)
|
|
Batting: LHB Santino Pisanello
|
0-0: Called Strike 0-1: Ball 1-1: Ball 2-1: Fly out, F9 (Flyball, 9S, EV 92.5 MPH)
|
|
Batting: RHB Sam Voss
|
0-0: Ball 1-0: Called Strike 1-1: Ground out 4-3 (Groundball, 34S, EV 87.5 MPH)
|
| Top of the 6th over - 0 runs, 1 hit, 0 errors, 1 left on base; Amarillo 2 - Tijuana 0 |
| BOTTOM OF THE 6TH |
|
Tijuana Toros batting - Pitching for Amarillo ThunderHeads : RHP John Carbonneau
|
|
Batting: SHB Javy Franco
|
0-0: Ball 1-0: Ball 2-0: Called Strike 2-1: Ball 3-1: Base on Balls
|
|
Batting: LHB Fernão Manta
|
0-0: Ball 1-0: Fielders Choice at 2nd, 6-4 (Groundball, 6, EV 81.9 MPH)
|
|
Batting: LHB Chris Buchan
|
0-0: Swinging Strike 0-1: Foul Ball, location: 2F 0-2: Foul Ball, location: 2F 0-2: Ball 1-2: Fly out, F8 (Line Drive, 8RD, EV 95.0 MPH)
|
|
Batting: RHB Bob Magana
|
0-0: SINGLE (Groundball, 6MD, EV 108.8 MPH) Fernão Manta to second Runner from 2nd tries for 3rd, SAFE, throw by CF made to third Bob Magana to second
|
|
Batting: LHB Jim Jardine
|
0-0: Ball 1-0: Foul Ball, location: 2F 1-1: Ball 2-1: Ball 3-1: SINGLE (Groundball, 4M, EV 99.4 MPH) (infield hit) Fernão Manta scores Bob Magana to third
|
|
Batting: RHB Makoto Narita
|
0-0: Ball 1-0: Ground out U3 (Groundball, 3, EV 103.1 MPH)
|
| Bottom of the 6th over - 1 run, 2 hits, 0 errors, 2 left on base; Amarillo 2 - Tijuana 1 |
| TOP OF THE 7TH |
|
Amarillo ThunderHeads batting - Pitching for Tijuana Toros : RHP Guy Jerome
|
|
Batting: RHB Josh Shoemaker
|
0-0: Called Strike 0-1: Foul Ball, location: 2F 0-2: Foul Ball, location: 2F 0-2: Ball 1-2: Fly out, F4 (Popup, 4M, EV 51.2 MPH)
|
|
Batting: SHB Tyler Romo
|
0-0: Called Strike 0-1: Ball 1-1: Fly out, F8 (Flyball, 8LS, EV 90.6 MPH)
|
|
Batting: RHB John Carbonneau
|
0-0: Ball 1-0: Fly out, F7 (Flyball, 78M, EV 90.6 MPH)
|
| Top of the 7th over - 0 runs, 0 hits, 0 errors, 0 left on base; Amarillo 2 - Tijuana 1 |
| BOTTOM OF THE 7TH |
|
Tijuana Toros batting - Pitching for Amarillo ThunderHeads : RHP John Carbonneau
|
|
Batting: RHB Jason Baldwin
|
0-0: Called Strike 0-1: Ball 1-1: Foul Ball, location: 2F 1-2: Ball 2-2: Fly out, F4 (Popup, 4M, EV 58.1 MPH)
|
|
Pinch Hitting: RHB Juan Gallegos
|
0-0: SINGLE (Line Drive, 78M, EV 88.8 MPH)
|
|
Pinch Hitting: RHB David Watkins
|
0-0: Ball 1-0: Ball 2-0: Grounds into double play, 6-4-3 (Groundball, 6S, EV 84.4 MPH)
|
| Bottom of the 7th over - 0 runs, 1 hit, 0 errors, 0 left on base; Amarillo 2 - Tijuana 1 |
| TOP OF THE 8TH |
|
Amarillo ThunderHeads batting - Pitching for Tijuana Toros : RHP Guy Jerome
|
|
Pitching: RHP Keith Birely
|
|
|
Now in CF: Tan-ming Kwan
|
|
|
Now in RF: Juan Gallegos
|
|
|
Batting: LHB Eddie Reyes
|
0-0: Foul Ball, location: 2F 0-1: Ball 1-1: Foul Ball, location: 2F 1-2: Foul Ball, location: 2F 1-2: Fly out, F7 (Line Drive, 7, EV 85.0 MPH)
|
|
Batting: RHB Ron Squires
|
0-0: Swinging Strike 0-1: Called Strike 0-2: DOUBLE (Line Drive, 78D, EV 105.6 MPH)
|
|
Batting: RHB Jerry Foster
|
0-0: Ball 1-0: Called Strike 1-1: Foul Ball, location: 2F 1-2: Foul Ball, location: 2F 1-2: Ball 2-2: Strikes out swinging
|
|
Batting: SHB Zack Barton
|
0-0: Ball 1-0: Foul Ball, location: 2F 1-1: SINGLE (Line Drive, 34, EV 105.6 MPH) Ron Squires to third
|
|
Batting: LHB Santino Pisanello
|
0-0: Ball Wild Pitch! Ron Squires scores Zack Barton to second 1-0: Ground out 6-3 (Groundball, 6, EV 100.6 MPH)
|
| Top of the 8th over - 1 run, 2 hits, 0 errors, 1 left on base; Amarillo 3 - Tijuana 1 |
| BOTTOM OF THE 8TH |
|
Tijuana Toros batting - Pitching for Amarillo ThunderHeads : RHP John Carbonneau
|
|
Pitching: RHP Trent Murdock
|
|
|
Batting: SHB Javy Franco
|
0-0: Called Strike 0-1: Foul Ball, location: 2F 0-2: DOUBLE (Flyball, 89D, EV 96.2 MPH)
|
|
Batting: LHB Fernão Manta
|
0-0: Called Strike 0-1: Fly out, F7 (Line Drive, 7S, EV 95.6 MPH)
|
|
Batting: LHB Chris Buchan
|
0-0: Ball Wild Pitch! Javy Franco to third 1-0: Ball 2-0: Ball 3-0: Swinging Strike 3-1: Called Strike 3-2: Strikes out swinging
|
|
Batting: RHB Bob Magana
|
0-0: Called Strike 0-1: Ground out 6-3 (Groundball, 6, EV 78.8 MPH)
|
| Bottom of the 8th over - 0 runs, 1 hit, 0 errors, 1 left on base; Amarillo 3 - Tijuana 1 |
| TOP OF THE 9TH |
|
Amarillo ThunderHeads batting - Pitching for Tijuana Toros : RHP Keith Birely
|
|
Batting: RHB Sam Voss
|
0-0: Ball 1-0: Ground out 6-3 (Groundball, 6, EV 105.0 MPH)
|
|
Batting: RHB Josh Shoemaker
|
0-0: Called Strike 0-1: Ball 1-1: Ball 2-1: Fly out, F6 (Popup, P, EV 82.5 MPH)
|
|
Pitching: RHP Jimmy Hitchcock
|
|
|
Batting: SHB Tyler Romo
|
0-0: Called Strike 0-1: DOUBLE (Line Drive, 8LXD, EV 106.9 MPH)
|
|
Batting: RHB Trent Murdock
|
0-0: Called Strike 0-1: Swinging Strike 0-2: Ball 1-2: Strikes out swinging
|
| Top of the 9th over - 0 runs, 1 hit, 0 errors, 1 left on base; Amarillo 3 - Tijuana 1 |
| BOTTOM OF THE 9TH |
|
Tijuana Toros batting - Pitching for Amarillo ThunderHeads : RHP Trent Murdock
|
|
Pitching: RHP Nick Ehrlich
|
|
|
Batting: LHB Jim Jardine
|
0-0: Called Strike 0-1: Ball 1-1: Swinging Strike 1-2: Strikes out swinging
|
|
Batting: RHB Makoto Narita
|
0-0: Ball 1-0: Foul Ball, location: 2F 1-1: Hit by Pitch
|
|
Batting: RHB Jason Baldwin
|
0-0: Called Strike 0-1: Ball Wild Pitch! Makoto Narita to second 1-1: Ball 2-1: Fly out, F9 (Flyball, 9LSF, EV 93.8 MPH)
|
|
Batting: RHB Juan Gallegos
|
0-0: DOUBLE (Line Drive, 78M, EV 97.5 MPH) Makoto Narita scores
|
|
Pinch Hitting: RHB Djoka Subasic
|
0-0: Foul Ball, location: 2F 0-1: Called Strike 0-2: Ball 1-2: Ball 2-2: Ball 3-2: Strikes out swinging
|
| Bottom of the 9th over - 1 run, 1 hit, 0 errors, 1 left on base; Amarillo 3 - Tijuana 2 |
|